[ AOE2 MATCH · #459233441 ]
UnrankedHindustanis vs Gurjaras
[ REPLAY ANALYSIS · EXTRACTED FROM THE RECORDED GAME ]
Feudal
12:36
Castle
19:01
Imperial
34:06
| APM avg | 20.5 |
| APM peak | 38 |
| eAPM avg | 10.4 |
| Villagers / military | 87 / 74 |
Focus
⚔️ 20.1% · 🌾 79.9%
Camel Scout ×62 · Ghulam ×6 · Spearman ×3 · Armored Elephant ×2 · Scout Cavalry ×1
Feudal
10:47
Castle
17:54
Imperial
32:41
| APM avg | 25.9 |
| APM peak | 47 |
| eAPM avg | 15.8 |
| Villagers / military | 95 / 96 |
Focus
⚔️ 30.0% · 🌾 70.0%
Shrivamsha Rider ×47 · Chakram Thrower ×22 · Scout Cavalry ×16 · Camel Scout ×8 · Trebuchet (Packed) ×3
Feudal
11:26
Castle
15:21
Imperial
34:19
| APM avg | 14.8 |
| APM peak | 29 |
| eAPM avg | 12.4 |
| Villagers / military | 113 / 94 |
Focus
⚔️ 26.6% · 🌾 73.4%
Kamayuk ×93 · Trebuchet (Packed) ×1
Feudal
10:51
Castle
16:26
Imperial
30:21
| APM avg | 21.0 |
| APM peak | 67 |
| eAPM avg | 13.8 |
| Villagers / military | 124 / 55 |
Focus
⚔️ 27.3% · 🌾 72.7%
Spearman ×29 · Conquistador ×21 · Trebuchet (Packed) ×3 · Monk ×2
Feudal
10:44
Castle
15:16
Imperial
27:38
| APM avg | 35.8 |
| APM peak | 64 |
| eAPM avg | 25.6 |
| Villagers / military | 163 / 80 |
Focus
⚔️ 14.7% · 🌾 85.3%
Scout Cavalry ×60 · Knight ×12 · Bombard Cannon ×5 · Monk ×2 · Mangonel ×1
Feudal
11:07
Castle
16:50
Imperial
37:49
| APM avg | 22.0 |
| APM peak | 48 |
| eAPM avg | 14.4 |
| Villagers / military | 125 / 0 |
Focus
⚔️ 24.5% · 🌾 75.5%
Unknown (2579) ×33 · Unknown (2550) ×32
Feudal
11:11
Castle
16:13
Imperial
36:32
| APM avg | 41.1 |
| APM peak | 101 |
| eAPM avg | 17.7 |
| Villagers / military | 122 / 79 |
Focus
⚔️ 23.7% · 🌾 76.3%
Archer ×65 · Knight ×5 · Genoese Crossbowman ×5 · Trebuchet (Packed) ×4
Feudal
11:19
Castle
18:16
Imperial
31:20
| APM avg | 25.2 |
| APM peak | 65 |
| eAPM avg | 13.5 |
| Villagers / military | 101 / 86 |
Focus
⚔️ 27.5% · 🌾 72.5%
Skirmisher ×51 · Hand Cannoneer ×22 · Spearman ×12 · Bombard Cannon ×1
Match map
Initial resources + every placement click. Lines = walls · curves = elevation contours. ◆ gold · ⬟ stone · ● berries · ✦ relic · ◌ wall gap
Your base
Agua Mineral's base
fmk1199's base
jkeR.!'s base
harzer93's base
Czotyn's base
mape's base
Invasive Bun's base
Smoothed initial terrain · ◌ = detected wall gap · hover for details
Inputs per minute
— Erpek - - Agua Mineral
Build order — Erpek
First 150 of 224 actions detected
| 0:01 | Create | Villager (Male) |
| 0:01 | Create | Villager (Male) |
| 0:02 | Build | House |
| 0:04 | Build | House |
| 0:27 | Create | Villager (Male) |
| 0:27 | Create | Villager (Male) |
| 0:27 | Create | Villager (Male) |
| 1:34 | Create | Villager (Male) |
| 1:34 | Create | Villager (Male) |
| 1:35 | Create | Villager (Male) |
| 2:15 | Create | Villager (Male) |
| 2:16 | Create | Villager (Male) |
| 2:30 | Create | Villager (Male) |
| 2:30 | Create | Villager (Male) |
| 2:40 | Build | House |
| 2:46 | Build | Palisade Wall |
| 2:51 | Build | Palisade Gate |
| 3:20 | Create | Villager (Male) |
| 3:20 | Create | Villager (Male) |
| 3:47 | Create | Villager (Male) |
| 3:47 | Create | Villager (Male) |
| 4:24 | Create | Villager (Male) |
| 4:24 | Create | Villager (Male) |
| 4:34 | Build | Lumber Camp |
| 4:46 | Create | Villager (Male) |
| 4:46 | Create | Villager (Male) |
| 4:47 | Create | Villager (Male) |
| 5:27 | Build | House |
| 5:28 | Build | House |
| 5:33 | Create | Villager (Male) |
| 6:16 | Build | House |
| 6:24 | Create | Villager (Male) |
| 6:24 | Create | Villager (Male) |
| 6:47 | Create | Villager (Male) |
| 6:47 | Create | Villager (Male) |
| 6:51 | Research | Loom |
| 6:52 | Create | Villager (Male) |
| 6:52 | Create | Villager (Male) |
| 6:52 | Create | Villager (Male) |
| 7:10 | Build | Mill |
| 7:25 | Create | Villager (Male) |
| 7:42 | Create | Villager (Male) |
| 7:42 | Create | Villager (Male) |
| 8:38 | Create | Villager (Male) |
| 9:04 | Create | Villager (Male) |
| 9:04 | Create | Villager (Male) |
| 9:15 | Build | Mill |
| 9:37 | Create | Villager (Male) |
| 10:11 | Research | Feudal Age |
| 10:19 | Create | Villager (Male) |
| 10:22 | Create | Villager (Male) |
| 10:22 | Create | Villager (Male) |
| 10:47 | Build | House |
| 10:48 | Build | House |
| 10:49 | Build | House |
| 11:33 | Create | Villager (Male) |
| 11:34 | Create | Villager (Male) |
| 12:04 | Create | Villager (Male) |
| 12:32 | Build | Barracks |
| 12:36 | Age | Feudal Age |
| 12:51 | Research | Wheelbarrow |
| 12:56 | Research | Double-Bit Axe |
| 13:04 | Build | Market |
| 13:06 | Build | Blacksmith |
| 13:10 | Research | Horse Collar |
| 13:17 | Build | Mining Camp |
| 13:49 | Create | Spearman |
| 13:49 | Create | Spearman |
| 14:47 | Create | Spearman |
| 15:29 | Build | Stable |
| 15:32 | Build | Stable |
| 15:46 | Build | Stone Wall |
| 15:50 | Build | Building 487 |
| 15:53 | Research | Stone Mining |
| 15:56 | Research | Gold Mining |
| 16:16 | Research | Castle Age |
| 16:47 | Build | Mining Camp |
| 16:51 | Create | Scout Cavalry |
| 17:21 | Build | Farm |
| 17:22 | Build | Farm |
| 17:22 | Build | Farm |
| 17:32 | Build | Farm |
| 17:33 | Build | Farm |
| 17:33 | Build | Farm |
| 17:34 | Build | Farm |
| 17:52 | Build | Stable |
| 17:55 | Research | Stone Mining |
| 19:01 | Age | Castle Age |
| 19:03 | Create | Camel Scout |
| 19:05 | Create | Camel Scout |
| 19:06 | Create | Camel Scout |
| 19:16 | Research | Husbandry |
| 19:29 | Build | Town Center |
| 19:33 | Create | Villager (Male) |
| 19:34 | Create | Villager (Male) |
| 19:34 | Create | Villager (Male) |
| 19:39 | Create | Villager (Male) |
| 20:03 | Build | Farm |
| 20:04 | Build | Farm |
| 20:05 | Build | Farm |
| 20:07 | Build | Farm |
| 20:17 | Research | Bow Saw |
| 20:36 | Create | Camel Scout ×2 |
| 20:54 | Build | Mining Camp |
| 20:59 | Create | Camel Scout |
| 21:16 | Build | House |
| 21:17 | Build | House |
| 21:18 | Build | House |
| 21:42 | Create | Villager (Male) |
| 21:42 | Create | Villager (Male) |
| 21:44 | Create | Villager (Male) |
| 21:44 | Create | Villager (Male) |
| 21:44 | Create | Villager (Male) |
| 22:33 | Build | Farm |
| 22:37 | Build | Farm |
| 22:37 | Build | Farm |
| 22:38 | Build | Farm |
| 22:39 | Build | Farm |
| 22:42 | Research | Stone Shaft Mining |
| 22:47 | Create | Villager (Male) |
| 22:48 | Create | Villager (Male) |
| 23:20 | Research | Forging |
| 23:23 | Create | Villager (Male) |
| 23:31 | Build | Farm |
| 23:38 | Create | Camel Scout |
| 24:23 | Research | Hand Cart |
| 24:25 | Create | Villager (Male) |
| 24:33 | Build | Farm |
| 24:34 | Build | Farm |
| 24:35 | Build | Farm |
| 24:37 | Build | Farm |
| 24:38 | Build | Farm |
| 24:51 | Build | Castle |
| 24:59 | Build | Mining Camp |
| 25:02 | Create | Camel Scout ×3 |
| 25:12 | Research | Scale Mail Armor |
| 25:17 | Create | Villager (Male) |
| 25:17 | Create | Villager (Male) |
| 25:23 | Build | Farm |
| 25:39 | Build | House |
| 25:40 | Build | House |
| 25:41 | Build | House |
| 25:48 | Create | Camel Scout ×2 |
| 25:55 | Create | Villager (Male) |
| 25:58 | Create | Villager (Male) |
| 25:58 | Create | Villager (Male) |
| 26:06 | Create | Villager (Male) |
| 26:08 | Create | Villager (Male) |
| 26:12 | Create | Camel Scout ×2 |
| 26:35 | Research | Heavy Plow |
Build order — Agua Mineral
First 150 of 299 actions detected
| 0:03 | Create | Villager (Male) |
| 0:03 | Create | Villager (Male) |
| 0:05 | Build | House |
| 0:21 | Create | Villager (Male) |
| 0:37 | Build | Mill |
| 0:43 | Create | Villager (Male) |
| 1:50 | Create | Villager (Male) |
| 1:51 | Create | Villager (Male) |
| 1:51 | Create | Villager (Male) |
| 2:02 | Build | House |
| 2:07 | Create | Villager (Male) |
| 2:40 | Create | Villager (Male) |
| 2:40 | Create | Villager (Male) |
| 3:00 | Create | Villager (Male) |
| 3:28 | Create | Villager (Male) |
| 3:51 | Build | House |
| 4:00 | Create | Villager (Male) |
| 4:01 | Create | Villager (Male) |
| 4:13 | Build | House |
| 4:20 | Create | Villager (Male) |
| 5:10 | Create | Villager (Male) |
| 5:20 | Build | Lumber Camp |
| 5:35 | Create | Villager (Male) |
| 6:03 | Create | Villager (Male) |
| 6:28 | Create | Villager (Male) |
| 6:39 | Build | House |
| 6:57 | Create | Villager (Male) |
| 7:17 | Create | Villager (Male) |
| 7:30 | Build | Mill |
| 7:47 | Create | Villager (Male) |
| 7:49 | Research | Loom |
| 7:50 | Research | Feudal Age |
| 8:48 | Build | Mining Camp |
| 10:07 | Build | House |
| 10:11 | Build | House |
| 10:16 | Build | House |
| 10:44 | Build | Barracks |
| 10:47 | Age | Feudal Age |
| 10:51 | Research | Wheelbarrow |
| 10:53 | Research | Horse Collar |
| 10:56 | Research | Double-Bit Axe |
| 11:13 | Build | House |
| 11:36 | Build | Palisade Wall |
| 11:39 | Build | Palisade Wall |
| 11:56 | Build | Building 800 |
| 12:00 | Create | Villager (Male) |
| 12:14 | Build | House |
| 12:19 | Create | Villager (Male) |
| 12:22 | Build | Stable |
| 12:57 | Create | Villager (Male) |
| 13:24 | Create | Villager (Male) |
| 13:29 | Build | Blacksmith |
| 13:52 | Create | Villager (Male) |
| 14:20 | Create | Villager (Male) |
| 14:22 | Build | Farm |
| 14:35 | Build | Building 487 |
| 14:41 | Build | Mining Camp |
| 14:43 | Create | Villager (Male) |
| 14:50 | Build | Mining Camp |
| 15:02 | Research | Gold Mining |
| 15:14 | Research | Castle Age |
| 15:14 | Research | Castle Age |
| 15:38 | Research | Bloodlines |
| 15:56 | Build | Farm |
| 16:31 | Build | Farm |
| 16:35 | Create | Camel Scout |
| 16:41 | Create | Camel Scout |
| 16:45 | Research | Forging |
| 16:58 | Research | Stone Mining |
| 17:39 | Research | Town Watch |
| 17:42 | Research | Scale Barding Armor |
| 17:54 | Age | Castle Age |
| 17:55 | Create | Villager (Male) |
| 18:00 | Build | Town Center |
| 18:13 | Research | Heavy Plow |
| 18:47 | Create | Villager (Male) |
| 18:49 | Build | Farm |
| 18:53 | Build | Farm |
| 18:53 | Build | Farm |
| 18:53 | Build | Farm |
| 18:57 | Create | Villager (Male) |
| 18:58 | Create | Villager (Male) |
| 19:20 | Create | Villager (Male) |
| 19:27 | Create | Camel Scout |
| 19:41 | Create | Villager (Male) |
| 19:55 | Build | Farm |
| 19:55 | Build | Farm |
| 19:57 | Create | Villager (Male) |
| 19:59 | Create | Villager (Male) |
| 20:01 | Build | Farm |
| 20:01 | Build | Farm |
| 20:39 | Research | Iron Casting |
| 20:48 | Create | Villager (Male) |
| 21:06 | Create | Camel Scout |
| 21:06 | Create | Camel Scout |
| 21:14 | Create | Villager (Male) |
| 21:15 | Build | Farm |
| 21:16 | Build | Farm |
| 21:18 | Create | Villager (Male) |
| 21:37 | Research | Bow Saw |
| 22:03 | Create | Villager (Male) |
| 22:03 | Create | Villager (Male) |
| 22:13 | Create | Villager (Male) |
| 22:18 | Build | Farm |
| 22:18 | Build | Farm |
| 22:18 | Build | Farm |
| 22:19 | Create | Villager (Male) |
| 22:20 | Create | Villager (Male) |
| 22:25 | Build | Lumber Camp |
| 22:27 | Build | Town Center |
| 22:34 | Research | Husbandry |
| 22:35 | Create | Camel Scout |
| 22:41 | Build | House |
| 23:09 | Create | Villager (Male) |
| 23:09 | Create | Villager (Male) |
| 23:18 | Build | Mining Camp |
| 23:23 | Research | Stone Shaft Mining |
| 23:31 | Create | Villager (Male) |
| 23:31 | Create | Villager (Male) |
| 23:32 | Create | Villager (Male) |
| 23:45 | Create | Villager (Male) |
| 23:53 | Build | Outpost |
| 24:02 | Create | Villager (Male) |
| 24:02 | Create | Villager (Male) |
| 24:04 | Create | Villager (Male) |
| 24:05 | Create | Villager (Male) |
| 24:22 | Create | Villager (Male) |
| 24:41 | Create | Camel Scout |
| 24:41 | Create | Camel Scout |
| 24:48 | Create | Villager (Male) |
| 24:53 | Build | House |
| 25:03 | Build | House |
| 25:05 | Build | House |
| 25:13 | Create | Villager (Male) |
| 25:17 | Build | House |
| 25:19 | Build | House |
| 25:20 | Build | House |
| 25:21 | Build | House |
| 26:03 | Create | Villager (Male) |
| 26:04 | Create | Villager (Male) |
| 26:04 | Create | Villager (Male) |
| 26:04 | Create | Villager (Male) |
| 26:13 | Build | Castle |
| 26:28 | Create | Villager (Male) |
| 26:30 | Build | Farm |
| 26:30 | Build | Farm |
| 26:30 | Build | Farm |
| 26:33 | Create | Villager (Male) |
| 26:35 | Create | Villager (Male) |
| 26:37 | Build | Farm |
Build order — fmk1199
First 150 of 330 actions detected
| 0:02 | Create | Villager (Male) |
| 0:03 | Create | Villager (Male) |
| 0:03 | Create | Villager (Male) |
| 0:03 | Create | Villager (Male) |
| 0:05 | Build | House |
| 0:13 | Build | House |
| 0:15 | Build | House |
| 1:41 | Create | Villager (Male) |
| 1:42 | Create | Villager (Male) |
| 1:56 | Build | Settlement |
| 2:10 | Create | Villager (Male) |
| 2:11 | Create | Villager (Male) |
| 2:11 | Create | Villager (Male) |
| 2:23 | Create | Villager (Male) |
| 2:24 | Create | Villager (Male) |
| 2:58 | Create | Villager (Male) |
| 3:20 | Create | Villager (Male) |
| 3:50 | Create | Villager (Male) |
| 3:52 | Create | Villager (Male) |
| 4:14 | Create | Villager (Male) |
| 4:14 | Create | Villager (Male) |
| 4:45 | Create | Villager (Male) |
| 5:12 | Create | Villager (Male) |
| 5:33 | Build | Palisade Wall |
| 5:40 | Build | Palisade Wall |
| 5:44 | Create | Villager (Male) |
| 6:04 | Build | Palisade Wall |
| 6:08 | Create | Villager (Male) |
| 6:39 | Create | Villager (Male) |
| 7:09 | Create | Villager (Male) |
| 7:23 | Create | Villager (Male) |
| 7:39 | Create | Villager (Male) |
| 8:21 | Create | Villager (Male) |
| 8:49 | Create | Villager (Male) |
| 8:58 | Build | Farm |
| 8:59 | Build | Farm |
| 8:59 | Build | Farm |
| 9:01 | Build | Farm |
| 9:06 | Research | Feudal Age |
| 10:47 | Create | Villager (Male) |
| 10:47 | Create | Villager (Male) |
| 11:26 | Age | Feudal Age |
| 11:38 | Build | Market |
| 11:46 | Build | Blacksmith |
| 12:14 | Research | Town Watch |
| 12:35 | Research | Castle Age |
| 13:00 | Build | Stone Wall |
| 13:06 | Build | Building 487 |
| 13:22 | Research | Double-Bit Axe |
| 13:24 | Research | Horse Collar |
| 14:25 | Research | Wheelbarrow |
| 14:52 | Build | Stone Wall |
| 15:21 | Age | Castle Age |
| 15:31 | Build | Town Center |
| 16:00 | Research | Loom |
| 16:14 | Build | Palisade Gate |
| 16:21 | Create | Villager (Male) |
| 16:34 | Build | Farm |
| 16:35 | Build | Farm |
| 16:35 | Build | Farm |
| 16:37 | Create | Villager (Male) |
| 16:58 | Build | Farm |
| 17:05 | Create | Villager (Male) |
| 17:06 | Create | Villager (Male) |
| 17:17 | Build | Town Center |
| 17:30 | Build | Farm |
| 17:31 | Build | Farm |
| 17:32 | Build | Farm |
| 17:33 | Build | Farm |
| 17:36 | Create | Villager (Male) |
| 17:38 | Create | Villager (Male) |
| 17:43 | Build | Farm |
| 17:48 | Build | Farm |
| 17:56 | Create | Villager (Male) |
| 18:07 | Create | Villager (Male) |
| 18:19 | Create | Villager (Male) |
| 18:25 | Create | Villager (Male) |
| 18:42 | Build | Farm |
| 18:45 | Create | Villager (Male) |
| 18:54 | Create | Villager (Male) |
| 19:03 | Build | House |
| 19:05 | Build | House |
| 19:09 | Create | Villager (Male) |
| 19:09 | Create | Villager (Male) |
| 19:10 | Create | Villager (Male) |
| 19:15 | Build | Farm |
| 19:19 | Build | Farm |
| 19:21 | Create | Villager (Male) |
| 19:27 | Create | Villager (Male) |
| 19:47 | Build | Settlement |
| 19:48 | Create | Villager (Male) |
| 19:48 | Create | Villager (Male) |
| 19:54 | Build | Farm |
| 19:55 | Build | Farm |
| 19:57 | Build | Farm |
| 19:58 | Create | Villager (Male) |
| 20:06 | Build | Farm |
| 20:08 | Create | Villager (Male) |
| 20:12 | Build | Farm |
| 20:17 | Build | Farm |
| 20:18 | Create | Villager (Male) |
| 20:20 | Create | Villager (Male) |
| 20:26 | Build | Farm |
| 20:30 | Create | Villager (Male) |
| 20:43 | Build | House |
| 20:49 | Create | Villager (Male) |
| 20:49 | Create | Villager (Male) |
| 20:55 | Build | House |
| 21:04 | Build | Farm |
| 21:06 | Build | Farm |
| 21:09 | Build | Farm |
| 21:11 | Build | Farm |
| 21:12 | Create | Villager (Male) |
| 21:12 | Create | Villager (Male) |
| 21:12 | Create | Villager (Male) |
| 21:12 | Create | Villager (Male) |
| 21:26 | Create | Villager (Male) |
| 21:26 | Create | Villager (Male) |
| 21:35 | Create | Villager (Male) |
| 21:46 | Build | Farm |
| 21:47 | Build | Farm |
| 21:49 | Build | Farm |
| 21:51 | Build | Farm |
| 21:54 | Create | Villager (Male) |
| 21:54 | Create | Villager (Male) |
| 21:56 | Build | House |
| 21:58 | Build | House |
| 22:00 | Build | House |
| 22:02 | Build | House |
| 22:05 | Create | Villager (Male) |
| 22:09 | Research | Stone Mining |
| 22:21 | Create | Villager (Male) |
| 22:21 | Create | Villager (Male) |
| 22:31 | Build | Settlement |
| 22:35 | Create | Villager (Male) |
| 22:36 | Create | Villager (Male) |
| 22:41 | Research | Heavy Plow |
| 22:54 | Create | Villager (Male) |
| 22:55 | Create | Villager (Male) |
| 23:05 | Create | Villager (Male) |
| 23:15 | Build | Farm |
| 23:16 | Build | Farm |
| 23:18 | Build | Farm |
| 23:20 | Build | Farm |
| 23:22 | Build | Farm |
| 23:23 | Create | Villager (Male) |
| 23:23 | Create | Villager (Male) |
| 23:25 | Create | Villager (Male) |
| 23:26 | Create | Villager (Male) |
| 23:48 | Build | Castle |
Build order — jkeR.!
First 150 of 291 actions detected
| 0:01 | Create | Villager (Male) ×4 |
| 0:03 | Build | House |
| 0:06 | Build | House |
| 1:46 | Create | Villager (Male) |
| 1:47 | Create | Villager (Male) |
| 1:59 | Build | Lumber Camp |
| 2:05 | Create | Villager (Male) |
| 2:05 | Create | Villager (Male) |
| 2:46 | Create | Villager (Male) |
| 3:14 | Create | Villager (Male) |
| 3:15 | Create | Villager (Male) |
| 3:53 | Create | Villager (Male) |
| 3:54 | Create | Villager (Male) |
| 3:54 | Create | Villager (Male) |
| 4:09 | Build | House |
| 4:13 | Build | House |
| 5:11 | Build | Palisade Wall |
| 5:17 | Create | Villager (Male) |
| 5:18 | Create | Villager (Male) |
| 5:46 | Create | Villager (Male) |
| 5:46 | Create | Villager (Male) |
| 5:58 | Build | Mill |
| 6:21 | Build | Building 796 |
| 6:25 | Create | Villager (Male) |
| 7:00 | Create | Villager (Male) |
| 7:00 | Create | Villager (Male) |
| 7:07 | Build | Farm |
| 7:34 | Build | Farm |
| 8:05 | Create | Villager (Male) |
| 8:17 | Build | Mining Camp |
| 8:41 | Research | Feudal Age |
| 8:52 | Build | House |
| 8:53 | Build | House |
| 9:03 | Build | Mining Camp |
| 9:14 | Build | Farm |
| 10:14 | Research | Loom |
| 10:51 | Age | Feudal Age |
| 10:56 | Create | Villager (Male) |
| 10:57 | Create | Villager (Male) |
| 11:17 | Build | Stone Wall |
| 11:19 | Build | Building 490 |
| 11:29 | Create | Villager (Male) |
| 12:36 | Build | Market |
| 12:37 | Create | Villager (Male) |
| 12:42 | Build | Blacksmith |
| 12:59 | Create | Villager (Male) |
| 13:40 | Build | Building 490 |
| 13:46 | Research | Castle Age |
| 14:00 | Build | Barracks |
| 14:19 | Build | Farm |
| 14:20 | Build | Farm |
| 14:25 | Research | Double-Bit Axe |
| 15:44 | Build | Stable |
| 16:26 | Age | Castle Age |
| 16:30 | Build | Town Center |
| 16:32 | Create | Villager (Male) |
| 16:33 | Create | Villager (Male) |
| 16:33 | Create | Villager (Male) |
| 16:49 | Build | Town Center |
| 17:37 | Create | Villager (Male) |
| 17:37 | Create | Villager (Male) |
| 17:40 | Create | Villager (Male) |
| 17:54 | Build | House |
| 17:59 | Build | House |
| 18:02 | Build | Farm |
| 18:04 | Create | Villager (Male) |
| 18:05 | Create | Villager (Male) |
| 18:05 | Create | Villager (Male) |
| 18:05 | Create | Villager (Male) |
| 18:07 | Create | Villager (Male) |
| 18:37 | Create | Spearman |
| 18:38 | Create | Spearman |
| 18:51 | Create | Villager (Male) |
| 18:51 | Create | Villager (Male) |
| 19:01 | Build | Farm |
| 19:04 | Create | Villager (Male) |
| 19:05 | Create | Villager (Male) |
| 19:24 | Create | Villager (Male) |
| 19:24 | Create | Villager (Male) |
| 19:27 | Build | Farm |
| 19:31 | Create | Villager (Male) |
| 19:31 | Create | Villager (Male) |
| 19:44 | Build | Farm |
| 19:45 | Build | Farm |
| 19:45 | Build | Farm |
| 19:49 | Build | Farm |
| 19:51 | Build | Farm |
| 19:57 | Build | Farm |
| 19:59 | Create | Villager (Male) |
| 19:59 | Create | Villager (Male) |
| 20:10 | Create | Villager (Male) |
| 20:11 | Create | Villager (Male) |
| 20:12 | Create | Villager (Male) |
| 20:12 | Create | Villager (Male) |
| 20:21 | Build | Castle |
| 20:31 | Create | Spearman |
| 20:31 | Create | Spearman |
| 20:31 | Create | Spearman |
| 20:38 | Build | Farm |
| 20:39 | Create | Villager (Male) |
| 20:39 | Create | Villager (Male) |
| 20:46 | Create | Villager (Male) |
| 20:46 | Create | Villager (Male) |
| 20:53 | Create | Villager (Male) |
| 20:53 | Create | Villager (Male) |
| 21:00 | Create | Villager (Male) |
| 21:00 | Create | Villager (Male) |
| 21:11 | Build | Farm |
| 21:11 | Build | Farm |
| 21:12 | Build | Farm |
| 21:13 | Build | Farm |
| 21:15 | Create | Villager (Male) |
| 21:20 | Build | House |
| 21:30 | Build | House |
| 21:32 | Create | Villager (Male) |
| 21:32 | Create | Villager (Male) |
| 21:33 | Create | Villager (Male) |
| 21:42 | Build | Mill |
| 21:46 | Create | Villager (Male) |
| 21:47 | Create | Villager (Male) |
| 21:57 | Build | Farm |
| 21:58 | Create | Villager (Male) |
| 21:59 | Create | Villager (Male) |
| 21:59 | Create | Villager (Male) |
| 22:05 | Build | Farm |
| 22:08 | Build | Farm |
| 22:11 | Create | Villager (Male) |
| 22:12 | Create | Villager (Male) |
| 22:23 | Build | Farm |
| 22:28 | Build | Farm |
| 22:29 | Create | Villager (Male) |
| 22:29 | Create | Villager (Male) |
| 22:30 | Create | Villager (Male) |
| 22:38 | Build | Siege Workshop |
| 22:42 | Create | Spearman |
| 22:42 | Create | Spearman |
| 22:46 | Build | Farm |
| 22:49 | Create | Villager (Male) |
| 22:49 | Create | Villager (Male) |
| 22:50 | Create | Villager (Male) |
| 22:54 | Create | Villager (Male) |
| 22:54 | Create | Villager (Male) |
| 23:22 | Create | Conquistador |
| 23:23 | Create | Conquistador |
| 23:24 | Create | Conquistador |
| 23:28 | Create | Conquistador |
| 23:34 | Build | Farm |
| 23:48 | Build | Monastery |
| 23:52 | Create | Villager (Male) |
| 23:52 | Create | Villager (Male) |
Build order — harzer93
First 150 of 439 actions detected
| 0:01 | Create | Villager (Male) |
| 0:02 | Create | Villager (Male) |
| 0:02 | Create | Villager (Male) |
| 0:03 | Build | House |
| 0:04 | Build | House |
| 0:17 | Create | Villager (Male) |
| 1:28 | Create | Villager (Male) |
| 1:29 | Create | Villager (Male) |
| 2:05 | Create | Villager (Male) |
| 2:06 | Create | Villager (Male) |
| 2:06 | Create | Villager (Male) |
| 2:18 | Build | Lumber Camp |
| 3:06 | Create | Villager (Male) |
| 3:07 | Create | Villager (Male) |
| 3:22 | Build | House |
| 3:34 | Create | Villager (Male) |
| 3:34 | Create | Villager (Male) |
| 3:35 | Create | Villager (Male) |
| 3:35 | Create | Villager (Male) |
| 4:37 | Create | Villager (Male) |
| 4:42 | Create | Villager (Male) |
| 4:43 | Create | Villager (Male) |
| 5:15 | Build | Mill |
| 5:20 | Create | Villager (Male) |
| 5:20 | Create | Villager (Male) |
| 5:21 | Create | Villager (Male) |
| 5:45 | Build | House |
| 6:11 | Create | Villager (Male) |
| 6:32 | Create | Villager (Male) |
| 6:32 | Create | Villager (Male) |
| 7:18 | Build | House |
| 7:20 | Build | Palisade Gate |
| 7:26 | Build | House |
| 7:30 | Build | Palisade Gate |
| 8:14 | Research | Feudal Age |
| 8:38 | Research | Loom |
| 8:53 | Build | House |
| 8:54 | Build | House |
| 10:12 | Create | Villager (Male) |
| 10:28 | Build | Mining Camp |
| 10:44 | Age | Feudal Age |
| 10:46 | Build | Market |
| 11:00 | Research | Double-Bit Axe |
| 11:44 | Build | Blacksmith |
| 11:47 | Create | Villager (Male) |
| 12:37 | Research | Castle Age |
| 12:42 | Build | Stone Wall |
| 12:43 | Build | Stone Wall |
| 12:46 | Build | Stone Wall |
| 12:51 | Build | Building 490 |
| 12:53 | Build | Stone Wall |
| 13:25 | Build | Farm |
| 13:26 | Build | Farm |
| 13:26 | Build | Farm |
| 13:26 | Build | Farm |
| 13:26 | Build | Farm |
| 13:39 | Build | Farm |
| 13:49 | Create | Villager (Male) |
| 13:49 | Create | Villager (Male) |
| 15:16 | Age | Castle Age |
| 15:18 | Build | Monastery |
| 15:23 | Build | Town Center |
| 15:27 | Create | Villager (Male) |
| 15:34 | Research | Horse Collar |
| 15:50 | Build | Farm |
| 15:55 | Create | Monk |
| 16:05 | Create | Villager (Male) |
| 16:09 | Build | Farm |
| 16:09 | Build | Farm |
| 16:10 | Build | Farm |
| 16:17 | Create | Villager (Male) |
| 16:30 | Research | Fervor |
| 16:35 | Build | Farm |
| 16:36 | Create | Villager (Male) |
| 16:36 | Create | Villager (Male) |
| 16:42 | Build | Farm |
| 16:45 | Create | Villager (Male) |
| 16:45 | Create | Villager (Male) |
| 16:49 | Build | Farm |
| 17:15 | Build | Farm |
| 17:20 | Build | Farm |
| 17:22 | Create | Villager (Male) |
| 17:23 | Create | Villager (Male) |
| 17:23 | Create | Villager (Male) |
| 17:28 | Create | Villager (Male) |
| 17:29 | Create | Villager (Male) |
| 17:29 | Create | Villager (Male) |
| 17:36 | Build | Farm |
| 17:36 | Build | Farm |
| 17:36 | Build | Farm |
| 17:44 | Create | Villager (Male) |
| 17:45 | Create | Villager (Male) |
| 17:58 | Create | Villager (Male) |
| 17:59 | Create | Villager (Male) |
| 17:59 | Create | Villager (Male) |
| 18:02 | Build | Farm |
| 18:02 | Build | Farm |
| 18:03 | Build | Farm |
| 18:07 | Build | Farm |
| 18:08 | Build | Farm |
| 18:09 | Create | Villager (Male) |
| 18:10 | Create | Villager (Male) |
| 18:10 | Create | Villager (Male) |
| 18:19 | Create | Villager (Male) |
| 18:20 | Create | Villager (Male) |
| 18:20 | Create | Villager (Male) |
| 18:31 | Create | Villager (Male) |
| 18:31 | Create | Villager (Male) |
| 18:35 | Build | Farm |
| 18:39 | Create | Villager (Male) |
| 18:39 | Create | Villager (Male) |
| 18:47 | Build | Farm |
| 18:47 | Build | Farm |
| 18:53 | Create | Villager (Male) |
| 18:53 | Create | Villager (Male) |
| 18:53 | Create | Villager (Male) |
| 18:56 | Build | Farm |
| 19:02 | Create | Villager (Male) |
| 19:02 | Create | Villager (Male) |
| 19:05 | Create | Villager (Male) |
| 19:05 | Create | Villager (Male) |
| 19:05 | Create | Villager (Male) |
| 19:20 | Create | Villager (Male) |
| 19:21 | Create | Villager (Male) |
| 19:25 | Build | Farm |
| 19:28 | Create | Villager (Male) |
| 19:29 | Create | Villager (Male) |
| 19:34 | Build | House |
| 19:35 | Build | House |
| 19:36 | Build | House |
| 19:38 | Build | House |
| 19:38 | Build | House |
| 19:39 | Build | House |
| 19:40 | Build | House |
| 19:43 | Create | Villager (Male) |
| 19:43 | Create | Villager (Male) |
| 19:44 | Create | Villager (Male) |
| 20:01 | Create | Villager (Male) |
| 20:02 | Create | Villager (Male) |
| 20:02 | Create | Villager (Male) |
| 20:16 | Build | Town Center |
| 20:19 | Create | Villager (Male) |
| 20:20 | Create | Villager (Male) |
| 20:20 | Create | Villager (Male) |
| 20:20 | Create | Villager (Male) |
| 20:26 | Build | Farm |
| 20:26 | Build | Farm |
| 20:26 | Build | Farm |
| 20:26 | Build | Farm |
| 20:26 | Build | Farm |
Build order — Czotyn
First 150 of 309 actions detected
| 0:02 | Build | House |
| 0:03 | Build | House |
| 0:04 | Create | Villager (Male) |
| 0:04 | Create | Villager (Male) |
| 0:04 | Create | Villager (Male) |
| 0:05 | Create | Villager (Male) |
| 1:09 | Create | Villager (Male) |
| 1:38 | Create | Villager (Male) |
| 2:16 | Build | Settlement |
| 2:20 | Create | Villager (Male) |
| 2:26 | Build | Palisade Wall |
| 2:30 | Create | Villager (Male) |
| 2:49 | Build | Building 804 |
| 2:55 | Create | Villager (Male) |
| 4:00 | Build | Palisade Wall |
| 4:10 | Create | Villager (Male) |
| 4:10 | Create | Villager (Male) |
| 4:40 | Create | Villager (Male) |
| 4:40 | Create | Villager (Male) |
| 5:11 | Create | Villager (Male) |
| 5:18 | Create | Villager (Male) |
| 5:18 | Create | Villager (Male) |
| 5:18 | Create | Villager (Male) |
| 5:18 | Create | Villager (Male) |
| 5:19 | Create | Villager (Male) |
| 6:10 | Build | Settlement |
| 6:28 | Create | Villager (Male) |
| 6:28 | Create | Villager (Male) |
| 7:12 | Create | Villager (Male) |
| 7:36 | Create | Villager (Male) |
| 8:25 | Build | Settlement |
| 8:37 | Build | Settlement |
| 8:57 | Research | Feudal Age |
| 10:22 | Create | Villager (Male) |
| 10:23 | Create | Villager (Male) |
| 10:25 | Create | Villager (Male) |
| 10:39 | Build | Farm |
| 10:52 | Build | Settlement |
| 11:07 | Age | Feudal Age |
| 11:28 | Build | Barracks |
| 12:18 | Create | Villager (Male) |
| 12:38 | Create | Villager (Male) |
| 13:13 | Create | Villager (Male) |
| 13:23 | Build | Blacksmith |
| 13:26 | Build | Market |
| 13:36 | Create | Villager (Male) |
| 14:10 | Research | Castle Age |
| 14:10 | Research | Castle Age |
| 14:59 | Research | Double-Bit Axe |
| 15:00 | Research | Gold Mining |
| 15:05 | Create | Unit 2550 |
| 15:06 | Create | Unit 2550 |
| 15:06 | Create | Unit 2550 |
| 15:06 | Create | Unit 2550 |
| 15:31 | Create | Villager (Male) |
| 15:31 | Create | Villager (Male) |
| 15:47 | Research | Tech 1402 |
| 15:47 | Create | Unit 2550 |
| 15:50 | Create | Villager (Male) |
| 16:15 | Build | Settlement |
| 16:33 | Create | Unit 2550 |
| 16:35 | Create | Unit 2550 |
| 16:44 | Research | Stone Mining |
| 16:50 | Age | Castle Age |
| 16:53 | Create | Villager (Male) |
| 17:05 | Build | Town Center |
| 17:19 | Create | Villager (Male) |
| 17:44 | Create | Unit 2550 |
| 17:47 | Create | Villager (Male) |
| 17:50 | Create | Unit 2550 |
| 18:10 | Research | Tech 1351 |
| 18:43 | Create | Unit 2550 |
| 18:44 | Create | Unit 2550 |
| 19:02 | Build | House |
| 19:03 | Build | House |
| 19:04 | Build | House |
| 19:06 | Build | House |
| 19:07 | Build | House |
| 19:17 | Build | Stone Wall |
| 19:40 | Create | Unit 2550 |
| 19:47 | Create | Villager (Male) |
| 19:48 | Create | Villager (Male) |
| 19:48 | Create | Villager (Male) |
| 19:49 | Create | Villager (Male) |
| 20:03 | Build | Building 487 |
| 20:06 | Build | Stone Wall |
| 20:09 | Create | Villager (Male) |
| 20:09 | Create | Villager (Male) |
| 20:13 | Build | Farm |
| 20:13 | Build | Farm |
| 20:13 | Build | Farm |
| 20:13 | Build | Farm |
| 20:13 | Build | Farm |
| 20:37 | Build | Farm |
| 20:37 | Build | Farm |
| 21:06 | Build | Farm |
| 21:08 | Create | Villager (Male) |
| 21:08 | Create | Villager (Male) |
| 21:08 | Create | Villager (Male) |
| 21:22 | Research | Squires |
| 21:27 | Build | Farm |
| 21:27 | Build | Farm |
| 21:27 | Build | Farm |
| 21:44 | Create | Villager (Male) |
| 21:45 | Create | Villager (Male) |
| 21:53 | Build | Farm |
| 21:53 | Build | Farm |
| 21:53 | Build | Farm |
| 22:05 | Build | Farm |
| 22:12 | Create | Villager (Male) |
| 22:12 | Create | Villager (Male) |
| 22:16 | Create | Villager (Male) |
| 22:22 | Create | Unit 2550 |
| 22:38 | Create | Villager (Male) |
| 22:38 | Create | Villager (Male) |
| 22:45 | Build | Farm |
| 22:45 | Build | Farm |
| 22:45 | Build | Farm |
| 22:51 | Create | Unit 2550 |
| 22:54 | Create | Villager (Male) |
| 23:09 | Research | Horse Collar |
| 23:14 | Create | Unit 2550 |
| 23:16 | Create | Unit 2550 |
| 23:20 | Create | Villager (Male) |
| 23:31 | Build | Castle |
| 23:35 | Create | Villager (Male) |
| 23:49 | Research | Scale Mail Armor |
| 23:49 | Research | Scale Mail Armor |
| 23:58 | Create | Unit 2550 |
| 24:08 | Build | Farm |
| 24:08 | Build | Farm |
| 24:09 | Build | Farm |
| 24:12 | Build | Farm |
| 24:38 | Create | Villager (Male) |
| 24:38 | Create | Villager (Male) |
| 24:39 | Create | Villager (Male) |
| 24:39 | Create | Villager (Male) |
| 24:39 | Create | Villager (Male) |
| 24:42 | Create | Unit 2550 |
| 24:43 | Create | Unit 2550 |
| 24:54 | Research | Loom |
| 25:05 | Build | Stone Wall |
| 25:14 | Create | Villager (Male) |
| 25:14 | Create | Villager (Male) |
| 25:14 | Create | Villager (Male) |
| 25:15 | Create | Villager (Male) |
| 26:07 | Create | Villager (Male) |
| 26:07 | Create | Villager (Male) |
| 26:08 | Create | Villager (Male) |
| 26:13 | Build | Settlement |
Build order — mape
First 150 of 327 actions detected
| 0:03 | Build | House |
| 0:05 | Build | House |
| 0:12 | Create | Villager (Male) |
| 0:13 | Create | Villager (Male) |
| 0:13 | Create | Villager (Male) |
| 0:13 | Create | Villager (Male) |
| 0:13 | Create | Villager (Male) |
| 1:39 | Create | Villager (Male) |
| 1:39 | Create | Villager (Male) |
| 1:54 | Create | Villager (Male) |
| 1:54 | Create | Villager (Male) |
| 2:16 | Create | Villager (Male) |
| 2:16 | Create | Villager (Male) |
| 2:26 | Build | Lumber Camp |
| 2:52 | Create | Villager (Male) |
| 2:52 | Create | Villager (Male) |
| 3:18 | Create | Villager (Male) |
| 3:18 | Create | Villager (Male) |
| 3:29 | Create | Villager (Male) |
| 3:43 | Build | House |
| 4:14 | Research | Loom |
| 4:30 | Build | House |
| 4:36 | Create | Villager (Male) |
| 4:37 | Create | Villager (Male) |
| 4:37 | Create | Villager (Male) |
| 5:04 | Build | House |
| 5:34 | Create | Villager (Male) |
| 5:34 | Create | Villager (Male) |
| 5:35 | Create | Villager (Male) |
| 5:56 | Build | Barracks |
| 6:27 | Create | Villager (Male) |
| 6:27 | Create | Villager (Male) |
| 6:28 | Create | Villager (Male) |
| 6:54 | Build | Building 796 |
| 7:04 | Build | House |
| 7:22 | Build | Mill |
| 7:40 | Create | Villager (Male) |
| 7:56 | Create | Villager (Male) |
| 8:35 | Create | Villager (Male) |
| 9:01 | Research | Feudal Age |
| 9:01 | Research | Feudal Age |
| 9:47 | Build | Mining Camp |
| 10:13 | Create | Villager (Male) |
| 10:13 | Create | Villager (Male) |
| 11:11 | Age | Feudal Age |
| 11:18 | Build | Archery Range |
| 11:35 | Build | Farm |
| 11:36 | Build | Farm |
| 11:38 | Build | Farm |
| 11:39 | Build | Farm |
| 11:43 | Create | Villager (Male) |
| 12:13 | Build | Blacksmith |
| 12:24 | Create | Villager (Male) |
| 12:26 | Create | Archer |
| 12:33 | Create | Villager (Male) |
| 12:36 | Build | House |
| 13:00 | Create | Archer |
| 13:04 | Build | House |
| 13:33 | Research | Castle Age |
| 13:33 | Research | Castle Age |
| 13:39 | Build | House |
| 13:44 | Create | Archer |
| 14:00 | Research | Double-Bit Axe |
| 14:00 | Research | Double-Bit Axe |
| 14:22 | Build | Lumber Camp |
| 14:36 | Create | Archer |
| 14:37 | Research | Fletching |
| 15:00 | Build | Archery Range |
| 15:15 | Create | Archer |
| 15:34 | Create | Villager (Male) |
| 15:52 | Build | Building 490 |
| 15:58 | Create | Archer |
| 16:00 | Create | Villager (Male) |
| 16:10 | Research | Horse Collar |
| 16:13 | Age | Castle Age |
| 16:22 | Research | Crossbowman (upgrade) |
| 16:24 | Create | Archer |
| 16:25 | Create | Archer |
| 16:37 | Create | Villager (Male) |
| 16:50 | Create | Villager (Male) |
| 16:53 | Create | Archer |
| 16:53 | Create | Archer |
| 17:08 | Build | House |
| 17:11 | Create | Villager (Male) |
| 17:22 | Build | Farm |
| 17:30 | Build | Farm |
| 17:38 | Build | Farm |
| 17:45 | Create | Villager (Male) |
| 17:59 | Build | Farm |
| 18:08 | Build | Farm |
| 18:10 | Create | Villager (Male) |
| 18:12 | Research | Town Watch |
| 18:22 | Create | Villager (Male) |
| 18:22 | Create | Villager (Male) |
| 18:28 | Build | House |
| 18:32 | Build | Farm |
| 18:34 | Build | Farm |
| 18:37 | Build | Farm |
| 18:48 | Create | Villager (Male) |
| 19:06 | Build | House |
| 19:07 | Create | Villager (Male) |
| 19:16 | Create | Archer |
| 19:16 | Create | Archer |
| 19:16 | Create | Archer |
| 19:17 | Create | Archer |
| 19:17 | Create | Archer |
| 19:17 | Create | Archer |
| 19:20 | Build | Farm |
| 19:22 | Build | Farm |
| 19:36 | Create | Villager (Male) |
| 19:37 | Create | Villager (Male) |
| 19:39 | Build | Farm |
| 20:09 | Research | Bodkin Arrow |
| 20:13 | Build | Farm |
| 20:17 | Create | Villager (Male) |
| 20:17 | Create | Villager (Male) |
| 20:30 | Create | Archer |
| 20:30 | Create | Archer |
| 20:31 | Create | Archer |
| 20:48 | Research | Padded Archer Armor |
| 20:49 | Create | Villager (Male) |
| 21:10 | Create | Villager (Male) |
| 21:14 | Build | Stable |
| 21:19 | Create | Villager (Male) |
| 21:49 | Build | Farm |
| 21:57 | Build | Farm |
| 21:59 | Create | Villager (Male) |
| 22:04 | Build | House |
| 22:06 | Build | House |
| 22:09 | Create | Knight |
| 22:09 | Create | Knight |
| 22:13 | Create | Villager (Male) |
| 22:44 | Create | Knight |
| 22:46 | Research | Scale Barding Armor |
| 23:00 | Create | Villager (Male) |
| 23:00 | Create | Villager (Male) |
| 23:16 | Build | Town Center |
| 23:24 | Create | Villager (Male) |
| 23:39 | Create | Knight |
| 23:39 | Create | Villager (Male) |
| 23:40 | Create | Villager (Male) |
| 23:52 | Build | University |
| 23:58 | Create | Villager (Male) |
| 23:58 | Create | Villager (Male) |
| 24:21 | Create | Knight |
| 24:23 | Create | Archer |
| 24:23 | Create | Archer |
| 24:23 | Create | Archer |
| 24:24 | Create | Villager (Male) |
| 24:24 | Create | Villager (Male) |
Build order — Invasive Bun
First 150 of 299 actions detected
| 0:03 | Create | Villager (Male) ×4 |
| 0:05 | Build | House |
| 0:06 | Build | House |
| 1:41 | Create | Villager (Male) |
| 1:41 | Create | Villager (Male) |
| 1:55 | Build | Lumber Camp |
| 2:22 | Create | Villager (Male) |
| 2:23 | Create | Villager (Male) |
| 2:31 | Create | Villager (Male) |
| 2:51 | Create | Villager (Male) |
| 2:51 | Create | Villager (Male) |
| 3:55 | Create | Villager (Male) |
| 3:55 | Create | Villager (Male) |
| 3:56 | Create | Villager (Male) |
| 4:35 | Build | House |
| 4:37 | Build | House |
| 4:41 | Research | Loom |
| 5:04 | Create | Villager (Male) |
| 5:30 | Create | Villager (Male) |
| 5:30 | Create | Villager (Male) |
| 5:36 | Build | Building 796 |
| 5:57 | Build | Mill |
| 6:09 | Create | Villager (Male) |
| 6:09 | Create | Villager (Male) |
| 6:09 | Create | Villager (Male) |
| 6:10 | Create | Villager (Male) |
| 6:21 | Build | Palisade Wall |
| 7:25 | Build | Barracks |
| 7:29 | Build | Farm |
| 7:44 | Create | Villager (Male) |
| 8:11 | Build | Farm |
| 8:12 | Create | Villager (Male) |
| 8:13 | Create | Villager (Male) |
| 8:45 | Build | Farm |
| 9:09 | Research | Feudal Age |
| 9:18 | Build | Mining Camp |
| 10:07 | Build | House |
| 11:19 | Age | Feudal Age |
| 11:22 | Create | Villager (Male) |
| 11:22 | Create | Villager (Male) |
| 11:31 | Research | Double-Bit Axe |
| 11:32 | Research | Horse Collar |
| 12:01 | Build | Farm |
| 12:10 | Build | Market |
| 12:20 | Create | Villager (Male) |
| 12:32 | Build | Farm |
| 12:53 | Build | Blacksmith |
| 13:01 | Create | Villager (Male) |
| 13:28 | Create | Villager (Male) |
| 13:35 | Build | House |
| 13:41 | Create | Spearman |
| 13:55 | Build | Farm |
| 13:57 | Create | Villager (Male) |
| 14:18 | Build | House |
| 14:22 | Create | Villager (Male) |
| 14:24 | Build | Farm |
| 14:51 | Build | Farm |
| 14:57 | Create | Villager (Male) |
| 15:17 | Build | Archery Range |
| 15:22 | Build | House |
| 15:26 | Build | House |
| 15:26 | Build | House |
| 15:36 | Research | Castle Age |
| 15:46 | Build | Archery Range |
| 15:54 | Build | Building 490 |
| 16:19 | Build | Stone Wall |
| 16:33 | Create | Skirmisher |
| 16:33 | Create | Skirmisher |
| 16:33 | Create | Skirmisher |
| 17:04 | Create | Skirmisher |
| 17:04 | Create | Skirmisher |
| 17:06 | Research | Fletching |
| 17:53 | Create | Spearman |
| 18:16 | Age | Castle Age |
| 18:27 | Build | Town Center |
| 18:37 | Build | Town Center |
| 19:05 | Create | Skirmisher |
| 19:05 | Create | Skirmisher |
| 19:14 | Create | Villager (Male) |
| 19:14 | Create | Villager (Male) |
| 19:26 | Build | Stone Wall |
| 20:02 | Create | Villager (Male) |
| 20:07 | Research | Elite Skirmisher (upgrade) |
| 20:08 | Create | Skirmisher |
| 20:09 | Create | Skirmisher |
| 20:26 | Build | Farm |
| 20:28 | Create | Villager (Male) |
| 20:28 | Create | Villager (Male) |
| 20:29 | Create | Villager (Male) |
| 20:29 | Create | Villager (Male) |
| 20:29 | Create | Villager (Male) |
| 20:29 | Create | Villager (Male) |
| 20:29 | Create | Villager (Male) |
| 20:30 | Create | Villager (Male) |
| 20:56 | Research | Padded Archer Armor |
| 20:58 | Build | Farm |
| 22:11 | Create | Villager (Male) |
| 22:11 | Create | Villager (Male) |
| 22:12 | Create | Villager (Male) |
| 22:12 | Create | Villager (Male) |
| 22:12 | Create | Villager (Male) |
| 22:14 | Build | Farm |
| 22:14 | Build | Farm |
| 22:14 | Build | Farm |
| 22:14 | Build | Farm |
| 22:15 | Build | Farm |
| 22:15 | Build | Farm |
| 22:24 | Create | Villager (Male) |
| 22:24 | Create | Villager (Male) |
| 22:39 | Create | Skirmisher |
| 22:39 | Create | Skirmisher |
| 22:40 | Create | Skirmisher |
| 22:45 | Build | Farm |
| 22:45 | Build | Farm |
| 22:59 | Build | University |
| 23:02 | Create | Villager (Male) |
| 23:03 | Create | Villager (Male) |
| 23:22 | Create | Villager (Male) |
| 23:23 | Create | Villager (Male) |
| 23:24 | Create | Villager (Male) |
| 23:26 | Build | Farm |
| 23:30 | Build | Farm |
| 23:50 | Build | Farm |
| 23:50 | Build | Farm |
| 23:51 | Build | Farm |
| 23:54 | Create | Villager (Male) |
| 23:54 | Create | Villager (Male) |
| 23:55 | Create | Villager (Male) |
| 23:55 | Create | Villager (Male) |
| 24:21 | Create | Skirmisher |
| 24:21 | Create | Skirmisher |
| 24:21 | Create | Skirmisher |
| 24:22 | Create | Skirmisher |
| 24:22 | Create | Skirmisher |
| 24:22 | Create | Skirmisher |
| 24:22 | Create | Skirmisher |
| 24:31 | Build | Farm |
| 24:31 | Build | Farm |
| 24:31 | Build | Farm |
| 24:31 | Build | Farm |
| 24:36 | Create | Villager (Male) |
| 24:36 | Create | Villager (Male) |
| 24:41 | Create | Villager (Male) |
| 24:43 | Build | Farm |
| 25:02 | Build | Farm |
| 25:05 | Create | Villager (Male) |
| 25:05 | Create | Villager (Male) |
| 25:06 | Create | Villager (Male) |
| 25:06 | Create | Villager (Male) |
| 25:10 | Build | Farm |
Match timeline
| 2:26 | Czotyn · wall_segment Palisade Wall x6 |
| 2:46 | Erpek · wall_segment Palisade Wall x14 |
| 4:00 | Czotyn · wall_segment Palisade Wall x3 |
| 5:11 | jkeR.! · wall_segment Palisade Wall x9 |
| 5:33 | fmk1199 · wall_segment Palisade Wall x15 |
| 5:40 | fmk1199 · wall_segment Palisade Wall x1 |
| 5:56 | mape · first_building Barracks |
| 6:04 | fmk1199 · wall_segment Palisade Wall x5 |
| 6:21 | Invasive Bun · wall_segment Palisade Wall x5 |
| 7:25 | Invasive Bun · first_building Barracks |
| 10:44 | Agua Mineral · first_building Barracks |
| 10:44 | harzer93 · age_up feudal |
| 10:47 | Agua Mineral · age_up feudal |
| 10:51 | jkeR.! · age_up feudal |
| 11:07 | Czotyn · age_up feudal |
| 11:11 | mape · age_up feudal |
| 11:17 | jkeR.! · wall_segment Stone Wall x12 |
| 11:18 | mape · first_building Archery Range |
| 11:19 | Invasive Bun · age_up feudal |
| 11:26 | fmk1199 · age_up feudal |
| 11:28 | Czotyn · first_building Barracks |
| 11:36 | Agua Mineral · wall_segment Palisade Wall x1 |
| 11:39 | Agua Mineral · wall_segment Palisade Wall x5 |
| 12:04 | harzer93 · first_market_sell 100 food |
| 12:22 | Agua Mineral · first_building Stable |
| 12:32 | Erpek · first_building Barracks |
| 12:32 | fmk1199 · first_market_sell 100 wood |
| 12:36 | Erpek · age_up feudal |
| 12:42 | harzer93 · wall_segment Stone Wall x1 |
| 12:43 | harzer93 · wall_segment Stone Wall x1 |
| 12:46 | harzer93 · wall_segment Stone Wall x2 |
| 12:53 | harzer93 · wall_segment Stone Wall x3 |
| 13:00 | fmk1199 · wall_segment Stone Wall x17 |
| 14:00 | jkeR.! · first_building Barracks |
| 14:52 | fmk1199 · wall_segment Stone Wall x3 |
| 15:16 | harzer93 · age_up castle |
| 15:17 | Invasive Bun · first_building Archery Range |
| 15:18 | harzer93 · first_building Monastery |
| 15:21 | fmk1199 · age_up castle |
| 15:29 | Erpek · first_building Stable |
| 15:44 | jkeR.! · first_building Stable |
| 15:46 | Erpek · wall_segment Stone Wall x14 |
| 16:05 | Erpek · first_market_buy 100 food |
| 16:10 | Erpek · first_market_sell 100 stone |
| 16:13 | mape · age_up castle |
| 16:19 | Invasive Bun · wall_segment Stone Wall x5 |
| 16:26 | jkeR.! · age_up castle |
| 16:42 | jkeR.! · first_market_buy 100 wood |
| 16:50 | Czotyn · age_up castle |
| 17:54 | Agua Mineral · age_up castle |
| 18:16 | Invasive Bun · age_up castle |
| 19:01 | Erpek · age_up castle |
| 19:17 | Czotyn · wall_segment Stone Wall x5 |
| 19:26 | Invasive Bun · wall_segment Stone Wall x4 |
| 19:32 | Invasive Bun · first_market_sell 100 food |
| 19:35 | Invasive Bun · first_market_buy 100 stone |
| 20:06 | Czotyn · wall_segment Stone Wall x4 |
| 20:21 | jkeR.! · first_building Castle |
| 21:14 | mape · first_building Stable |
| 22:38 | jkeR.! · first_building Siege Workshop |
| 23:31 | Czotyn · first_building Castle |
| 23:48 | fmk1199 · first_building Castle |
| 23:48 | jkeR.! · first_building Monastery |
| 24:11 | harzer93 · first_market_buy 100 food |
| 24:39 | fmk1199 · first_building Barracks |
| 24:51 | Erpek · first_building Castle |
| 25:05 | Czotyn · wall_segment Stone Wall x12 |
| 26:10 | harzer93 · first_building Siege Workshop |
| 26:13 | Agua Mineral · first_building Castle |
| 26:26 | harzer93 · first_building Barracks |
| 26:28 | Czotyn · first_market_buy 100 stone |
| 26:51 | Invasive Bun · first_building Siege Workshop |
| 27:06 | jkeR.! · first_market_sell 100 wood |
| 27:15 | harzer93 · first_building Stable |
| 27:38 | harzer93 · age_up imperial |
| 29:21 | Agua Mineral · first_market_buy 100 food |
| 29:42 | harzer93 · first_building Castle |
| 29:48 | jkeR.! · wall_segment Stone Wall x10 |
| 30:21 | jkeR.! · age_up imperial |
| 30:32 | jkeR.! · wall_segment Stone Wall x4 |
| 30:43 | jkeR.! · wall_segment Stone Wall x5 |
| 30:47 | jkeR.! · wall_segment Stone Wall x4 |
| 30:51 | jkeR.! · wall_segment Stone Wall x4 |
| 30:53 | jkeR.! · wall_segment Stone Wall x6 |
| 31:20 | Invasive Bun · age_up imperial |
| 31:47 | mape · first_building Monastery |
| 32:31 | mape · first_building Castle |
| 32:41 | Agua Mineral · age_up imperial |
| 33:19 | mape · first_market_sell 100 food |
| 33:46 | Czotyn · first_market_sell 100 wood |
| 34:05 | Invasive Bun · first_building Castle |
| 34:06 | Erpek · age_up imperial |
| 34:19 | fmk1199 · age_up imperial |
| 34:51 | Czotyn · first_building Siege Workshop |
| 36:32 | mape · age_up imperial |
| 36:41 | Agua Mineral · first_market_sell 100 wood |
| 37:37 | Erpek · first_building Siege Workshop |
| 37:40 | mape · first_market_buy 100 wood |
| 37:49 | Czotyn · age_up imperial |
| 38:00 | jkeR.! · resign |
[ AI ANALYSIS · 1 CREDIT ]
What really happened in this match?
Wolo.gg analyzes every decision: build order, eco, micro, common mistakes by bracket. Personalized analysis on WhatsApp or Discord in 30 seconds.
Civ guide
Hindustanis
Perfil
Jugador #21989136